 Dungeon Crawl Stone Soup version 0.31-a0-210-gccc998df9b (webtiles) character file.

Game seed: 11601070487153206129

347 Dittersdorf the Trooper (level 6, -5/40 HPs)
             Began as a Gargoyle Fighter on June 29, 2023.
             Killed by divine providence
             ... invoked by an orc priest
              (11 damage)
             ... on level 4 of the Dungeon.
             The game lasted 00:03:41 (2836 turns).

Dittersdorf the Trooper (Gargoyle Fighter)          Turns: 2836, Time: 00:03:42

Health: -5/40      AC: 16    Str: 21    XL:     6   Next: 59%
Magic:  6/6        EV:  8    Int:  9    God:
Gold:   134        SH:  4    Dex:  9    Spells: 5/5 levels left

rFire   + . .        a - +0 flail
rCold   . . .        c - +0 buckler
rNeg    + . .        m - +0 chain mail
rPois   ∞            k - +0 helmet
rElec   +            b - +0 cloak
rCorr   .            (no gloves)
SInv    .            (no boots)
Will    .....        (no amulet) Stlth
                     h - ring of protection from fire
HPRegen 0.26/turn    (no ring)
MPRegen 0.10/turn

%: no passive effects
@: no status effects
A: sickness immunity, AC +4, negative energy resistance 1, electricity
resistance, torment resistance 1, petrification resistance
a: no special abilities


You were on level 4 of the Dungeon.
You visited 1 branch of the dungeon, and saw 4 of its levels.

You collected 134 gold pieces.

Inventory:

Hand Weapons
 a - a +0 flail (weapon)
Missiles
 e - 4 poisoned darts (quivered)
Armour
 b - a +0 cloak (worn)
 c - a +0 buckler (worn)
 k - a +0 helmet (worn)
 m - a +0 chain mail (worn)
Jewellery
 h - a ring of protection from fire (left hand)
Scrolls
 f - a scroll of noise {unknown}
 j - a scroll of fear
Potions
 d - a potion of might
 g - a potion of mutation


   Skills:
 + Level 4.8 Fighting
 + Level 3.7 Maces & Flails
 + Level 4.7 Armour
 + Level 4.8 Shields


You had 5 spell levels left.
You didn't know any spells.
Your spell library contained the following spells:

 Spells                   Type           Power      Damage    Failure   Level
 Slow                     Hex            0%         N/A       97%         1
 Confusing Touch          Hex            0%         N/A       100%        3
 Vampiric Draining        Necr           0%         2d6       100%        3


Dungeon Overview and Level Annotations

Branches:
Dungeon (4/15)
 Temple: D:4-7

Altars:
Dithmenos
Ru


Innate Abilities, Weirdness & Mutations

You are immune to sickness and miasma.
Your stone body is resilient. (AC +4)
You are immune to poison.
You resist negative energy. (rN+)
You are resistant to electric shocks. (rElec)
You are resistant to unholy torment.
You are immune to petrification.


Message History

The gnoll is heavily wounded.
The gnoll hits you but does no damage. x2
The gnoll hits you from afar with a +0 spear.
You hit the gnoll but do no damage.
The gnoll is heavily wounded.
The gnoll closely misses you. The gnoll completely misses you.
You barely miss the gnoll.
The gnoll is heavily wounded.
The gnoll hits you with a +0 flail! The gnoll barely misses you.
You hit the gnoll.
The gnoll is severely wounded.
The gnoll hits you with a +0 flail.
* * * LOW HITPOINT WARNING * * *
The gnoll barely misses you. The gnoll hits you but does no damage.
You barely miss the gnoll.
The gnoll is severely wounded.
The gnoll hits you but does no damage. The gnoll hits you with a +0 flail.
* * * LOW HITPOINT WARNING * * *
The gnoll hits you from afar with a +0 spear.
* * * LOW HITPOINT WARNING * * *
You closely miss the gnoll.
The gnoll is severely wounded.
The gnoll hits you but does no damage. x2
You barely miss the gnoll.
The gnoll is severely wounded.
An orc comes into view. It is wielding a +0 hand axe of pain.
The gnoll barely misses you. The gnoll hits you but does no damage.
An orc wizard comes into view. It is wielding a +0 dagger.
The orc shouts!
The orc wizard shouts!
An orc priest comes into view. It is wielding a +0 flail.
The orc wizard gestures wildly while chanting.
The orc wizard flickers and vanishes!
Deactivating autopickup; reactivate with Ctrl-A.
The gnoll attacks as you move away! The gnoll hits you but does no damage.
Your attacks no longer feel as feeble.
The gnoll attacks as you move away! The gnoll hits you but does no damage.
The orc priest shouts!
The orc priest mumbles some strange prayers to Beogh against you.
Beogh smites you!
You die...

#.# #.# #.# # #.#
... #.##
.....####g.#
......gg.#g#
.....###.#.# ...
#.#@# # #o#.## # .#
##....##.# ..#
#{..#..<.# ...#.
#.#...##### .>...
#o#...)...# ###...##
#.#.#####.#
#.......#
#.#>#####.###....##.
..#.##..............


You could see an orc priest and 2 gnolls.

Vanquished Creatures
  A hound (D:4)
  Crazy Yiuf (D:2)
  A gnoll bouda (D:4)
  An orc priest (D:2)
  Terence (D:2)
  An iguana (D:3)
  An orc wizard (D:3)
  Robin (D:2)
  3 adders (D:2)
  2 gnolls (D:4)
  A worm (D:2)
  5 dart slugs
  3 orcs
  6 bats
  5 endoplasms
  6 giant cockroaches
  11 goblins
  7 hobgoblins
  4 jackals (D:2)
  3 quokkas
  7 ball pythons
  3 frilled lizards
  6 kobolds
  5 rats
85 creatures vanquished.

Notes
Turn   | Place    | Note
-------+----------+-------------------------------------------
     0 | D:1      | Dittersdorf the Gargoyle Fighter began the quest for the
                  | Orb.
     0 | D:1      | Reached XP level 1. HP: 14/14 MP: 1/1
    59 | D:1      | Reached XP level 2. HP: 19/19 MP: 2/2
   609 | D:2      | Reached XP level 3. HP: 22/23 MP: 3/3
   837 | D:2      | Reached XP level 4. HP: 23/29 MP: 4/4
   954 | D:2      | Noticed Robin
   971 | D:2      | Killed Robin
  1305 | D:2      | Noticed Terence
  1319 | D:2      | Killed Terence
  1320 | D:2      | Reached XP level 5. HP: 27/33 MP: 5/5
  1441 | D:2      | Found a runed translucent door.
  1442 | D:2      | Noticed Crazy Yiuf
  1616 | D:2      | Killed Crazy Yiuf
  1943 | D:2      | Reached XP level 6. HP: 26/39 MP: 6/6
  2153 | D:3      | Found a sacrificial altar of Ru.
  2413 | D:3      | Found a shadowy altar of Dithmenos.
  2836 | D:4      | Killed from afar by an orc priest

Illustrated notes

Levels and vault maps discovered:
D:1:      lordsloth_arrival_two_stooges, layout_loops_cross
D:2:      minmay_angry_zag, layout_basic, serial_forest,
          infiniplex_forest_clump_tiny, infiniplex_forest_end_2,
          infiniplex_forest_straight_4, infiniplex_forest_end_double,
          infiniplex_forest_zigzag_1, infiniplex_forest_straight_2,
          infiniplex_forest_corner_1, kennysheep_generic_room_9, uniq_terence,
          uniq_crazy_yiuf_cottage, uniq_robin
D:3:      layout_loops_cross, nicolae_dithmenos_the_darkroom,
          nicolae_ru_path_of_blood
D:4:      layout_loops_cross, amethyst_overflow_temple_binary,
          mainiacjoe_overflow_chevrons

Skill      XL: |  1  2  3  4 |
---------------+-------------+-----
Fighting       | 4 |  4.8
Shields        | 4 |  4.8
Armour         | 4 |  4.7
Maces & Flails | 3 |  3.7

Action                     |  1- 3 |  4- 6 || total
---------------------------+-------+-------++-------
  Melee: Flail             |   101 |   194 ||   295
  Throw: Dart              |       |     4 ||     4
    Use: Scroll            |       |     4 ||     4
 Armour: Scale mail        |    67 |    60 ||   127
         Chain mail        |       |    86 ||    86
  Dodge: Dodged            |    53 |    73 ||   126
  Block: Buckler           |    25 |    47 ||    72

Table legend: (Time is in decaauts)
 A = Elapsed time spent in this place.
 B = Non-inter-level travel time spent in this place.
 C = Inter-level travel time spent in this place.
 D = Time resting spent in this place.
 E = Time spent auto-exploring this place.
 F = Levels seen in this place.
 G = Mean time per level.
                   A        B        C        D        E       F      G
               +--------+--------+--------+--------+--------+-----+--------+
         Total |   2912 |   2767 |    145 |    255 |   1854 |   4 |  728.0 |
       Dungeon |   2912 |   2767 |    145 |    255 |   1854 |   4 |  728.0 |
               +--------+--------+--------+--------+--------+-----+--------+

Top non-repeatable levels by time:
     D:2: 1377 daAuts
     D:3: 760 daAuts
     D:1: 615 daAuts
     D:4: 158 daAuts
